 Dungeon Crawl Stone Soup version 0.29.0-4-gdea44cf6ec (webtiles) character file.

Game seed: 3091241563576060872

625 mainiacjoe the Cleaver (level 7, -3/66 HPs)
             Began as a Hill Orc Monk on Aug 26, 2022.
             Was a Believer of Beogh.
             Slain by a killer bee (6 damage)
             ... on level 4 of the Dungeon.
             The game lasted 00:11:14 (5862 turns).

mainiacjoe the Cleaver (Hill Orc Monk)              Turns: 5862, Time: 00:11:15

Health: -3/66      AC:  7    Str: 16    XL:     7   Next: 47%
Magic:  7/7        EV: 10    Int: 10    God:    Beogh [**....]
Gold:   165        SH:  3    Dex: 13    Spells: 6/6 levels left

rFire   + + .      SeeInvis .   a - +0 flail
rCold   + . .      Faith    .   x - +0 buckler
rNeg    . . .      Spirit   .   C - +0 ring mail
rPois   +          Reflect  .   (no helmet)
rElec   +          Harm     .   d - +0 cloak
rCorr   +          Rampage  .   (no gloves)
Will    .....                   u - +0 pair of boots
Stlth   +.........              n - amulet of the acrobat
HPRegen 0.21/turn               g - ring of protection from fire
MPRegen 0.10/turn               (no ring)

@: resistant
A: no striking features
a: Renounce Religion, Smiting


You were on level 4 of the Dungeon.
You worshipped Beogh.
Beogh was pleased with you.
You visited 1 branch of the dungeon, and saw 5 of its levels.

You collected 264 gold pieces.
You spent 99 gold pieces at shops.

Inventory:

Hand Weapons
 a - a +0 flail (weapon)
 b - a +0 hand axe
Armour
 d - a +0 cloak (worn)
 l - a +0 leather armour
 u - a +0 pair of boots (worn)
 x - a +0 buckler (worn)
 z - a +0 chain mail
 C - a +0 ring mail (worn)
 H - an orb of mayhem
Magical Staves
 o - a staff of air
 r - a staff of death
Jewellery
 g - a ring of protection from fire (left hand)
 m - an amulet of magic regeneration
 n - an amulet of the acrobat (around neck)
 B - an amulet of faith
Scrolls
 f - a scroll of magic mapping
 t - a scroll of enchant armour {unknown}
 v - 2 scrolls of vulnerability
 y - a scroll of immolation {unknown}
 A - 2 scrolls of teleportation {unknown}
 D - a scroll of noise {unknown}
 G - a scroll of enchant weapon {unknown}
Potions
 h - 3 potions of cancellation
 i - a potion of curing
 k - a potion of mutation {unknown}
 q - a potion of flight {unknown}
 s - 2 potions of brilliance
 w - a potion of lignification {unknown}
 E - a potion of attraction {unknown}


   Skills:
 + Level 7.6 Fighting
 + Level 8.3 Axes
 - Level 2.4 Dodging
 - Level 1.5 Stealth


You had 6 spell levels left.
You didn't know any spells.
Your spell library contained the following spells:

 Spells                   Type           Power      Damage    Failure   Level
 Apportation              Tloc           0%         N/A       71%         1
 Beastly Appendage        Tmut           0%         N/A       71%         1
 Necrotise                Necr           0%         1d4       71%         1
 Sandblast                Erth           0%         2d4       71%         1
 Summon Small Mammal      Summ           0%         N/A       71%         1
 Passwall                 Tmut/Erth      0%         N/A       83%         2
 Wereblood                Tmut           0%         N/A       83%         2
 Spider Form              Tmut/Pois      0%         N/A       97%         3
 Stone Arrow              Conj/Erth      0%         3d7       97%         3


Dungeon Overview and Level Annotations

Branches:
Dungeon (5/15)
 Temple: D:4-7

Altars:
Dithmenos
Elyvilon
Ru

Shops:
D:2 [

Annotations:
D:4 1 runed translucent door, Crazy Yiuf


Message History

You bump into the rock wall.
The killer bee stings you. x2
* * * LOW HITPOINT WARNING * * *
You miss the killer bee.
The killer bee is severely wounded.
The killer bee barely misses you. The killer bee stings you.
* * * LOW HITPOINT WARNING * * *
You miss the killer bee.
The killer bee is severely wounded.
You feel less invigorated.
You feel less confused. You block the killer bee's attack.
The killer bee closely misses you. The killer bee stings you.
You closely miss the killer bee.
The killer bee is severely wounded.
The killer bee barely misses you. The killer bee stings you.
* * * LOW HITPOINT WARNING * * *
You miss the killer bee.
The killer bee is severely wounded.
You block the killer bee's attack. The killer bee stings you.
* * * LOW HITPOINT WARNING * * *
The killer bee misses you.
You miss the killer bee.
The killer bee is severely wounded.
The killer bee closely misses you. The killer bee stings you.
* * * LOW HITPOINT WARNING * * *
You closely miss the killer bee.
The killer bee is severely wounded.
The killer bee stings you.
* * * LOW HITPOINT WARNING * * *
The killer bee misses you. You block the killer bee's attack.
You closely miss the killer bee.
The killer bee is severely wounded.
The killer bee stings you.
* * * LOW HITPOINT WARNING * * *
The killer bee barely misses you.
You hit the killer bee.
The killer bee is almost dead.
You block the killer bee's attack. The killer bee completely misses you.
The killer bee stings you.
You die...

#..........# #.# ##
#####).)##########.# #
#####)##
#.......##########
#.....#
#.####............
#..#### #.#
##.########## #..# #.#
#.# #..# #.# #.#
#..### #.# #.###
#....# #@# #...#
##.#.# #y#####.#.#
#.#.# #y..>...#.#
#.#.# #.#######.#
#.#.# #.# #.# #.#.#
###.# #.#
#.#.####...### #.#
#............#####.#
###.####.#......##.###


You could see 2 killer bees.

Vanquished Creatures
  A black bear (D:4)
  2 scorpions
  A killer bee (D:4)
  A howler monkey (D:4)
  A hound (D:5)
  An orc priest (D:4)
  2 iguanas
  2 jellies (D:4)
  2 adders
  3 gnolls (D:4)
  An ufetubus (D:4)
  3 worms
  11 orcs
  6 endoplasms
  6 giant cockroaches
  7 goblins
  10 hobgoblins
  4 jackals
  5 quokkas
  5 ball pythons
  5 bats
  A frilled lizard (D:1)
  7 kobolds
  11 rats
98 creatures vanquished.

Vanquished Creatures (others)
  9 plants (D:3)
9 creatures vanquished.

Grand Total: 107 creatures vanquished

Notes
Turn   | Place    | Note
-------+----------+-------------------------------------------
     0 | D:1      | mainiacjoe the Hill Orc Monk began the quest for the Orb.
     0 | D:1      | Reached XP level 1. HP: 19/19 MP: 1/1
   290 | D:1      | Reached XP level 2. HP: 16/27 MP: 2/2
  1255 | D:2      | Reached XP level 3. HP: 16/34 MP: 3/3
  1695 | D:2      | Reached skill level 5 in Axes
  2319 | D:2      | Found Ywivelowo's Antique Armour Shop.
  2399 | D:2      | Reached XP level 4. HP: 22/41 MP: 4/4
  2730 | D:2      | Bought a pair of boots for 99 gold pieces
  2973 | D:3      | Found a faded altar of an unknown god.
  3003 | D:3      | Found a sacrificial altar of Ru.
  3101 | D:3      | Became a worshipper of Beogh the Brigand
  3101 | D:3      | Reached * piety under Beogh
  3101 | D:3      | Reached ** piety under Beogh
  3111 | D:3      | Found a white marble altar of Elyvilon.
  3457 | D:3      | Reached skill level 5 in Fighting
  3927 | D:4      | Reached XP level 5. HP: 21/48 MP: 5/5
  4104 | D:4      | Reached skill level 6 in Axes
  4295 | D:4      | Found a shadowy altar of Dithmenos.
  4296 | D:4      | Noticed a black bear
  4317 | D:4      | Killed a black bear
  4318 | D:4      | Reached XP level 6. HP: 24/57 MP: 3/6
  4322 | D:4      | Reached skill level 7 in Axes
  4811 | D:4      | Found a runed translucent door.
  4812 | D:4      | Noticed Crazy Yiuf
  5289 | D:4      | Reached XP level 7. HP: 45/64 MP: 7/7
  5544 | D:5      | Entered Level 5 of the Dungeon
  5799 | D:5      | Reached skill level 8 in Axes
  5823 | D:4      | HP: 1/66 [killer bee (3)]
  5861 | D:4      | HP: 3/66 [killer bee (3)]
  5862 | D:4      | Slain by a killer bee

Illustrated notes

Levels and vault maps discovered:
D:1:      wander_arrival_desolate, layout_loops_ring
D:2:      layout_rooms, serial_shops, nicolae_shop_waterfront,
          hangedman_abyss_or_decor_stabs, minmay_hexomino_f4
D:3:      layout_loops_ring, lemuel_round_altar, nicolae_elyvilon_temple_path,
          hellmonk_ecumenical_altar_crossroads
D:4:      layout_loops_ring, minmay_ruined_shrine, uniq_crazy_yiuf_cottage
D:5:      cheibrodos_helix_gallery, layout_basic, nicolae_grassy_gnolls

Skill      XL: |  1  2  3  4  5  6  7 |
---------------+----------------------+-----
Fighting       | 4 5 6 7 |  7.6
Axes           | 5 6 7 8 |  8.3
Dodging        | |  2.4
Stealth        | |  1.5

Action                   |  1- 3 |  4- 6 |  7- 9 || total
-------------------------+-------+-------+-------++-------
Melee: Hand axe          |   165 |    38 |    18 ||   221
       Flail             |       |   132 |    49 ||   181
Throw: Stone             |    47 |    23 |    11 ||    81
       Boomerang         |       |    21 |       ||    21
Invok: Convert to Beogh  |       |     1 |       ||     1
       Smiting           |       |     2 |     2 ||     4
  Use: Scroll            |       |     8 |     1 ||     9
       Potion            |       |     1 |    11 ||    12
 Stab: Sleeping          |     1 |       |       ||     1
Armor: Robe              |    29 |       |       ||    29
       Chain mail        |       |     6 |       ||     6
       Ring mail         |       |    42 |    46 ||    88
       Leather armour    |       |     3 |       ||     3
Dodge: Dodged            |   113 |    93 |    79 ||   285
Block: Buckler           |       |    28 |    21 ||    49
